 Dungeon Crawl Stone Soup version 0.28.0-43-g3370ac3207 (webtiles) character file.

Game seed: 2016006697070348013

6381 adizb the Fighter (level 10, -4/89 HPs)
             Began as a Demonspawn Monk on Mar 14, 2022.
             Was a Believer of Ashenzari.
             Killed by the air
             ... invoked by Gastronok
              (26 damage)
             ... on level 9 of the Dungeon.
             The game lasted 00:50:44 (7636 turns).

adizb the Fighter (Demonspawn Monk)                 Turns: 7636, Time: 00:50:44

Health: -4/89      AC: 20    Str: 17    XL:     10   Next: 65%
Magic:  18/18      EV: 10    Int: 11    God:    Ashenzari [**....]
Gold:   1503       SH:  5    Dex: 15    Spells: 20/20 levels left

rFire   + . .      SeeInvis +   e - +2 whip (venom)
rCold   . . .      Faith    .   (no shield)
rNeg    . . .      Spirit   .   n - +0 plate armour
rPois   +          Reflect  +   (no helmet)
rElec   .          Harm     .   H - +2 cloak {rPois}
rCorr   .          Rampage  .   v - +2 pair of gloves of the Shackled God {Elem, Evo} (curse)
Will    +....                   b - +0 pair of boots of the Prophetic Burden {Self, Elem} (curse)
Stlth   ..........              c - amulet "Fanaticism of Ashenzari" {Reflect SH+5, Cun, Comp} (curse)
HPRegen 0.24/turn               d - ring of protection from fire
MPRegen 0.32/turn               q - ring of willpower

@: no status effects
A: hooves 2, repulsion field 1, magic regeneration, demonic magic 1
a: Renounce Religion, Curse Item, Shatter the Chains


You were on level 9 of the Dungeon.
You worshipped Ashenzari.
Ashenzari was pleased with you.
You visited 2 branches of the dungeon, and saw 10 of its levels.
You also visited: Bailey.

You collected 1503 gold pieces.

Inventory:

Hand Weapons
 e - a +2 whip of venom (weapon)
 p - a +0 war axe
 u - a +0 scimitar of flaming
 y - a +2 dagger of electrocution
 C - a +5 short sword
 M - a +2 whip of electrocution
Missiles
 h - 4 datura-tipped darts
 m - 11 atropa-tipped darts
 w - 27 poisoned darts
 G - 12 curare-tipped darts
 J - 27 boomerangs (quivered)
Armour
 b - the cursed +0 pair of boots of the Prophetic Burden (worn) {Self, Elem}
   (You found it on level 3 of the Dungeon)

   It has a curse which improves the following skills: Introspection: Fighting
   and Spellcasting.
   Elements:  Fire Magic, Ice Magic, Air Magic and Earth Magic.
 k - a +0 leather armour
 n - a +0 plate armour (worn)
 s - a +0 ring mail
 t - a +0 scale mail
 v - the cursed +2 pair of gloves of the Shackled God (worn) {Elem, Evo}
   (You found it on level 6 of the Dungeon)

   It has a curse which improves the following skills: Elements: Fire Magic, Ice
   Magic, Air Magic and Earth Magic.
   Evocations: Evocations.
 E - a +0 cloak
 H - a +2 cloak of poison resistance (worn)
Magical Staves
 L - a staff of death
Jewellery
 c - the cursed amulet "Fanaticism of Ashenzari" (around neck) {Reflect SH+5, Cun, Comp}
   (You found it on level 4 of the Dungeon)

   [amulet of reflection]

   It reflects blocked missile attacks.
   SH:        It affects your SH (+5).
   It has a curse which improves the following skills: Cunning: Dodging and
   Stealth.
   Companions: Summonings and Necromancy.
 d - a ring of protection from fire (left hand)
 q - a ring of willpower (right hand)
 B - a ring of willpower
 I - a ring of magical power
Wands
 a - a wand of digging (4)
 A - a wand of flame (38)
 D - a wand of mindburst (6)
Scrolls
 f - 3 scrolls of teleportation
 g - 2 scrolls of magic mapping
 r - 2 scrolls of amnesia
Potions
 i - 2 potions of might
 j - 2 potions of flight
 l - a potion of resistance
 o - a potion of berserk rage
 x - 2 potions of ambrosia
 z - 2 potions of lignification
 F - a potion of attraction
 K - a potion of brilliance
 N - a potion of heal wounds


   Skills:
 * Level 10.9(12.1) Fighting
 - Level 0.5 Long Blades
 - Level 2.6(3.1) Axes
 + Level 2.3(3.0) Maces & Flails
 - Level 2.4 Throwing
 + Level 6.6 Armour
 + Level 7.3(8.6) Dodging
 - Level 1.7(2.6) Stealth
 + Level 4.5(5.7) Spellcasting


You had 20 spell levels left.
You didn't know any spells.
Your spell library contained the following spells:

 Spells                   Type           Power      Damage    Failure   Level
 Foxfire                  Conj/Fire      12%        2x1d4     100%        1
 Conjure Flame            Conj/Fire      3%         6-21      100%        3
 Inner Flame              Hex/Fire       3%         N/A       100%        3
 Ozocubu's Armour         Ice            3%         N/A       100%        3
 Portal Projectile        Hex/Tloc       6%         N/A       100%        3
 Flame Wave               Conj/Fire      3%         2d4       100%        4
 Blade Hands              Tmut           1%         N/A       100%        5
 Excruciating Wounds      Necr           1%         N/A       100%        5
 Ozocubu's Refrigeration  Ice            1%         4d5       100%        7


Dungeon Overview and Level Annotations

Branches:
Dungeon (9/15)             Temple (1/1) D:5             Orc (0/2) D:9
 Bailey (visited)
   Lair: D:8-11

Altars:
Ashenzari
Cheibriados
Dithmenos
Elyvilon
Fedhas
Gozag
Hepliaklqana
Kikubaaqudgha
Makhleb
Nemelex Xobeh
Okawaru
Qazlal
Ru
Sif Muna
Trog
Uskayaw
Vehumet
Wu Jian
Xom
Yredelemnul
Zin
The Shining One

Shops:
D:1 [   D:5 !   D:9 *

Annotations:
D:9 Gastronok


Innate Abilities, Weirdness & Mutations

You have hoof-like feet.
You are surrounded by a mild repulsion field. (EV +2)
You regenerate magic rapidly.
Spells you cast may paralyse adjacent enemies.


Message History

Gastronok is lightly wounded.
Throw: 27 boomerangs
Press: ? - help, Q - select action, (/) - cycle Shift-Dir - straight line, f/p - Gastronok
Aim: Gastronok, wearing a +2 hat of intelligence (lightly wounded, 94% to hit)
You throw a boomerang. The boomerang hits Gastronok.
Gastronok is lightly wounded.
Unknown command.
Throw: 27 boomerangs
Press: ? - help, Q - select action, (/) - cycle Shift-Dir - straight line, f/p - Gastronok
Aim: Gastronok, wearing a +2 hat of intelligence (lightly wounded, 94% to hit)
You throw a boomerang. The boomerang hits Gastronok.
Gastronok is lightly wounded.
Gastronok chants a spell, wobbling all the while.
Throw: 27 boomerangs
Press: ? - help, Q - select action, (/) - cycle Shift-Dir - straight line, f/p - Gastronok
Aim: Gastronok, wearing a +2 hat of intelligence (lightly wounded, 94% to hit)
You throw a boomerang. The boomerang hits Gastronok!
Gastronok is lightly wounded.
Throw: 27 boomerangs
Press: ? - help, Q - select action, (/) - cycle Shift-Dir - straight line, f/p - Gastronok
Aim: Gastronok, wearing a +2 hat of intelligence (lightly wounded, 94% to hit)
You throw a boomerang. The boomerang hits Gastronok.
Gastronok is lightly wounded.
Gastronok waves his eye-stalks in wide circles.
The air twists around and strikes you!!
* * * LOW HITPOINT WARNING * * *
The bat hits you but does no damage.
You closely miss the bat. The bat hits you but does no damage.
Throw: 27 boomerangs
Press: ? - help, Q - select action, (/) - cycle Shift-Dir - straight line, f/p - Gastronok
Aim: Gastronok, wearing a +2 hat of intelligence (lightly wounded, 94% to hit)
You throw a boomerang.
The boomerang completely misses Gastronok.
The bat hits you but does no damage.
Gastronok mumbles some strange words.
You miss the bat. The bat hits you.
* * * LOW HITPOINT WARNING * * *
Gastronok waves his eye-stalks in wide circles.
The air twists around and strikes you!!
You die...

####################
#......)............
#.#..#..##...#......
#.#.....##......)).#
#...<...........)...
#....##########'####
#....#........[.....
#....#..............
#..@.#..............
#..b.#..............
#..bb#............##
#..r.##'#######'###
#....#............#*
#....#............#
#....#...<........#,
#w...#............#
#.##.#............#,


You could see Gastronok, a river rat (summoned) and 3 bats.

Vanquished Creatures
  Erica (D:8)
  An orc knight (Bailey)
  Maurice (D:8)
  A kobold demonologist (D:6)
  Grinder (D:6)
  6 yaks (D:8)
  Duvessa (D:7)
  9 orc warriors
  A black bear (D:6)
  An ogre (D:4)
  A necrophage (D:5)
  2 centaurs
  11 kobold brigands
  A phantom (D:5)
  5 bullfrogs
  Dowan (D:7)
  6 killer bees (D:8)
  5 wights (D:6)
  A centaur zombie (D:8)
  2 bullfrog zombies
  3 hounds
  A gnoll shaman (D:9)
  A scorpion zombie (D:5)
  3 orc wizards
  5 iguanas
  3 hound skeletons
  A howler monkey zombie (D:6)
  3 gnolls (D:2)
  2 adders
  A shadow imp (D:6)
  2 white imps
  5 dart slugs
  23 orcs
  7 ball pythons
  3 bats
  9 endoplasms
  4 giant cockroaches
  8 goblins
  4 hobgoblins
  30 kobolds
  3 quokkas
  2 frilled lizards
  2 rats
183 creatures vanquished.

Notes
Turn   | Place    | Note
-------+----------+-------------------------------------------
     0 | D:1      | adizb the Demonspawn Monk began the quest for the Orb.
     0 | D:1      | Reached XP level 1. HP: 18/18 MP: 1/1
   170 | D:1      | Gained mutation: You are surrounded by a mild repulsion
                  | field. (EV +2) [demonic ancestry]
   170 | D:1      | Reached XP level 2. HP: 16/24 MP: 2/2
   504 | D:1      | Found a faded altar of an unknown god.
   567 | D:1      | Reached skill level 1 in Armour
   597 | D:1      | Found Ratsem's Armour Boutique.
   718 | D:2      | Reached XP level 3. HP: 27/30 MP: 3/3
   921 | D:2      | Reached skill level 4 in Fighting
   921 | D:2      | Reached XP level 4. HP: 32/37 MP: 4/4
  1599 | D:3      | Found an ornate altar of the Wu Jian Council.
  1600 | D:3      | Found a shadowy altar of Dithmenos.
  1601 | D:3      | Found an ancient bone altar of Kikubaaqudgha.
  1717 | D:3      | Gained mutation: Spells you cast may paralyse adjacent
                  | enemies. [demonic ancestry]
  1717 | D:3      | Reached XP level 5. HP: 37/43 MP: 5/5
  2087 | D:4      | Noticed an ogre
  2425 | D:4      | You fall into a shaft and drop 2 floors!
  2492 | D:6      | Noticed Grinder
  2495 | D:6      | Noticed an orc warrior
  2571 | D:6      | Reached skill level 5 in Fighting
  2571 | D:6      | Reached skill level 1 in Spellcasting
  2586 | D:5      | Entered Level 5 of the Dungeon
  2612 | D:5      | Gained mutation: You have large cloven feet. [demonic
                  | ancestry]
  2612 | D:5      | Reached XP level 6. HP: 29/51 MP: 7/7
  2931 | D:5      | Reached XP level 7. HP: 55/57 MP: 9/9
  3058 | D:5      | Found a staircase to the Ecumenical Temple.
  3071 | Temple   | Entered the Ecumenical Temple
  3192 | Temple   | Became a worshipper of Ashenzari the Shackled
  3283 | D:5      | Reached * piety under Ashenzari
  3289 | D:5      | Found Ruzuris's Distillery.
  3372 | D:5      | Reached skill level 6 in Fighting
  3807 | D:6      | Noticed a kobold demonologist
  3835 | D:6      | Noticed a soul eater
  3837 | D:6      | Killed a kobold demonologist
  3838 | D:6      | Reached skill level 1 in Throwing
  3849 | D:6      | Reached skill level 7 in Fighting
  3849 | D:6      | Reached XP level 8. HP: 49/68 MP: 11/11
  4033 | D:6      | Reached skill level 5 in Dodging
  4146 | D:6      | Killed Grinder
  4210 | D:6      | Reached skill level 8 in Fighting
  4283 | D:6      | Reached ** piety under Ashenzari
  4417 | D:7      | Noticed Dowan
  4420 | D:7      | Noticed Duvessa
  4440 | D:7      | Killed Duvessa
  4472 | D:7      | Killed Dowan
  4506 | D:7      | Gained mutation: You regenerate magic rapidly. [demonic
                  | ancestry]
  4506 | D:7      | Reached XP level 9. HP: 27/78 MP: 12/12
  5118 | D:8      | Reached skill level 5 in Armour
  5132 | D:8      | Reached skill level 9 in Fighting
  5241 | D:8      | Noticed Maurice
  5275 | D:8      | Killed Maurice
  5452 | D:8      | Noticed Erica
  5491 | D:8      | Killed Erica
  5492 | D:8      | Reached skill level 10 in Fighting
  5492 | D:8      | Gained mutation: You have hoof-like feet. [demonic
                  | ancestry]
  5492 | D:8      | Reached XP level 10. HP: 30/88 MP: 16/17
  5993 | D:8      | Reached skill level 1 in Maces & Flails
  6107 | D:9      | Noticed Gastronok
  6288 | D:9      | Found a flagged portal.
  6313 | Bailey   | Entered a bailey
  6652 | Bailey   | Noticed an orc knight
  6711 | Bailey   | HP: 4/89 [orc knight/+0 battleaxe (28)]
  6714 | Bailey   | Killed an orc knight
  6746 | Bailey   | Found a burning altar of Makhleb.
  6945 | D:9      | Found a staircase to the Orcish Mines.
  7354 | D:9      | Found Loinkac's General Store.
  7636 | D:9      | Killed from afar by Gastronok

Illustrated notes

Levels and vault maps discovered:
D:1:      sevenhm_arrival_forest_fort_large_2, layout_loops_ring, serial_shops,
          nicolae_shop_behind_doors, chequers_ecumenical_altar_grove,
          minmay_heptomino_h4
D:2:      layout_basic
D:3:      layout_rooms, lemuel_crystal_altar,
          chequers_temple_overflow_statue_of_worship, serial_rivers,
          chequers_serial_rivers_micro_a, chequers_serial_rivers_small_3,
          chequers_serial_rivers_micro_a, chequers_serial_rivers_large_b,
          chequers_serial_rivers_micro_b, chequers_serial_rivers_large_a
D:4:      layout_rooms
D:5:      layout_basic, minmay_temple_entry_waves, serial_shops,
          nicolae_square_shop
D:6:      layout_loops_ring, kennysheep_minor_cross, uniq_grinder
D:7:      layout_rooms, uniq_duvessa
D:8:      layout_loops_corners, uniq_erica, uniq_maurice
D:9:      layout_stronghold, david_orc_2, serial_shops, nicolae_shop_crystal,
          enter_bailey_5, gammafunk_ghost_hive, kennysheep_generic_room_2,
          uniq_gastronok
Temple:   dpeg_five_rooms_temple

Skill      XL: |  1  2  3  4  5  6  7  8  9 10 |
---------------+-------------------------------+-----
Armour         | 1 2 3 4 6 |  6.6
Dodging        | 3 4 5 6 7 |  7.3
Fighting       | 4 5 7 8 10 | 10.9
Spellcasting   | 1 3 4 |  4.5
Throwing       | 1 2 |  2.4
Maces & Flails | 2 |  2.3
Long Blades    | |  0.5
Axes           | |  2.6
Stealth        | |  1.7

Action                   |  1- 3 |  4- 6 |  7- 9 | 10-12 || total
-------------------------+-------+-------+-------+-------++-------
Melee: Hand axe          |    45 |       |       |       ||    45
       Punch             |     2 |     4 |    10 |     5 ||    21
       Whip              |    32 |   196 |   375 |   187 ||   790
       Short sword       |       |       |    10 |       ||    10
       Scimitar          |       |       |       |    23 ||    23
       Dagger            |       |       |       |     4 ||     4
Throw: Dart              |       |       |    32 |     7 ||    39
       Boomerang         |       |       |       |     7 ||     7
Invok: Curse Item        |       |       |     4 |       ||     4
       Shatter the Chain |       |       |       |     1 ||     1
Evoke: Wand              |       |       |       |     8 ||     8
  Use: Potion            |     1 |     1 |     1 |     3 ||     6
       Scroll            |       |     5 |     2 |     4 ||    11
 Stab: Sleeping          |     5 |     4 |       |       ||     9
       Distracted        |     1 |       |       |       ||     1
       Invisible         |       |       |     1 |     1 ||     2
Armor: Robe              |    17 |     1 |       |       ||    18
       Leather armour    |       |    15 |       |       ||    15
       Scale mail        |       |    27 |   107 |    67 ||   201
       Ring mail         |       |     3 |       |       ||     3
       Plate armour      |       |       |       |    16 ||    16
Dodge: Dodged            |    51 |   124 |   168 |   202 ||   545
Block: Other             |       |    15 |    64 |    75 ||   154
       Reflection        |       |       |       |     9 ||     9
